 Dungeon Crawl Stone Soup version 0.17-a0-1632-g0af21bd (webtiles) character file.

127 urechis the Ruffian (level 4, -2/45 HPs)
             Began as a Troll Monk on Aug 3, 2015.
             Slain by a hungry ghost (5 damage)
             ... on level 3 of the Dungeon.
             The game lasted 00:02:01 (1390 turns).

urechis the Ruffian (Troll Monk)                    Turns: 1390, Time: 00:02:03

Health: -2/45      AC:  6    Str: 19    XL:     4   Next: 85%
Magic:  3/3        EV: 10    Int:  6    God:
Gold:   165        SH:  0    Dex: 13    Spells: 0 memorised, 3 levels left

rFire  . . .     SeeInvis +       - Unarmed
rCold  . . .     Clarity  .     a - +0 robe
rNeg   . . .     SustAt   .     (no shield)
rPois  .         Gourm    +     (helmet restricted)
rElec  .         Spirit   .     l - +0 cloak
rCorr  .         Warding  .     (gloves unavailable)
rMut   .         Stasis   .     (boots unavailable)
MR     .....                    (no amulet)
Stlth  +.........               (no ring)
                                o - ring of see invisible

@: not resistant to hostile enchantments, very unstealthy
A: unfitting armour, claws 3, fast metabolism 3, gourmand, regeneration 2,
shaggy fur 1, tough skin 2
a: no special abilities


You were on level 3 of the Dungeon.
You were not hungry.

You visited 1 branch of the dungeon, and saw 3 of its levels.

You collected 165 gold pieces.

Inventory:

Missiles
 e - 6 large rocks (quivered)
Armour
 a - a +0 robe (worn)
 l - a +0 cloak (worn)
Jewellery
 o - a ring of see invisible (left claw)
Scrolls
 c - 3 scrolls of identify {unknown}
 d - a scroll of blinking {unknown}
 g - 2 scrolls of remove curse {unknown}
 h - a scroll of fog {unknown}
 m - a scroll of magic mapping {unknown}
 n - a scroll of teleportation {unknown}
Potions
 f - a potion of might {unknown}
 i - a potion of degeneration {unknown}
 j - a potion of invisibility {unknown}
 k - 3 potions of agility {unknown}
Comestibles
 b - 2 bread rations
 p - 3 chunks of flesh


   Skills:
 + Level 3.3 Fighting
 - Level 2.4 Dodging
 - Level 1.1 Stealth
 * Level 5.6 Unarmed Combat


You had 3 spell levels left.
You didn't know any spells.

Dungeon Overview and Level Annotations

Branches:
Dungeon (3/15)

Altars:


Innate Abilities, Weirdness & Mutations

You are too large for most types of armour.
You have claws for hands.
Your metabolism is lightning-fast.
You like to eat raw meat.
You heal very quickly.
You are covered in fur (AC +1).
You have very tough skin (AC +2).


Message History

The hungry ghost is moderately damaged.
The orc closely misses you. The hungry ghost completely misses you.
The orc closely misses you.
You closely miss the hungry ghost.
The hungry ghost is moderately damaged.
The orc hits you but does no damage.
The hungry ghost hits you but does no damage.
You closely miss the hungry ghost.
The hungry ghost is moderately damaged.
The orc hits you with a hand axe. The orc closely misses you.
You barely miss the hungry ghost.
The hungry ghost is moderately damaged.
The hungry ghost hits you. The orc misses you.
You claw the hungry ghost!
The hungry ghost is heavily damaged.
The orc hits you with a whip of electrocution.
You are electrocuted!
* * * LOW HITPOINT WARNING * * *
The hungry ghost hits you.
You die...

.....## .... .......# ....
......# ..... .....# ....#
.. #...# .....# ... #+
#..##...... ....#.
#..)o......
....#.###..@or...$.
............W......
..................#
.......†..........#
###.#+#..........#.
......#..........#.
....................
#...................
...........................


You could see a hungry ghost, 2 orcs and a rat.

Vanquished Creatures
  An orc priest (D:3)
  Crazy Yiuf (D:2)
  An ooze (D:2)
  4 worms
  7 orcs (D:3)
  A ball python (D:2)
  6 bats
  3 giant cockroaches
  4 hobgoblins (D:2)
  3 jackals (D:2)
  7 kobolds
  2 giant newts
  3 goblins
  3 rats
  2 fungi (D:2)
48 creatures vanquished.

Notes
Turn   | Place    | Note
--------------------------------------------------------------
     0 | D:1      | urechis the Troll Monk began the quest for the Orb.
     0 | D:1      | Reached XP level 1. HP: 22/22 MP: 0/0
   271 | D:1      | Reached XP level 2. HP: 29/29 MP: 1/1
   664 | D:2      | Noticed Crazy Yiuf
   676 | D:2      | Killed Crazy Yiuf
   676 | D:2      | Reached XP level 3. HP: 8/37 MP: 2/2
   793 | D:2      | Reached skill level 5 in Unarmed Combat
   872 | D:2      | Reached XP level 4. HP: 42/45 MP: 3/3
  1375 | D:3      | Noticed a hungry ghost
  1390 | D:3      | Slain by a hungry ghost

Vault maps used:
D:1:      dpeg_arrival_rhombus
D:2:      uniq_crazy_yiuf_cottage

Action                   |  1- 3 |  4- 6 || total
-------------------------+-------+-------++-------
Melee: Unarmed           |    86 |    60 ||   146
 Stab: Sleeping          |     4 |     2 ||     6
  Eat: Chunk             |    13 |     5 ||    18
